 Dungeon Crawl Stone Soup version 0.31-a0-844-gdc52ec4e09 (webtiles) character file.

Game seed: 12035019379544123806

452 Shayle the Trooper (level 6, -5/48 HPs)
             Began as a Demonspawn Reaver on Sept 30, 2023.
             Splashed by a jelly's acid (11 damage)
             ... on level 4 of the Dungeon.
             The game lasted 00:06:10 (3420 turns).

Shayle the Trooper (Demonspawn Reaver)              Turns: 3420, Time: 00:06:13

Health: -5/48      AC:  7    Str: 13    XL:     6   Next: 75%
Magic:  11/11      EV: 10    Int: 16    God:
Gold:   19         SH:  0    Dex: 11    Spells: 8/12 levels left

rFire   . . .        n - +2 flail (protect)
rCold   . . .        (no shield)
rNeg    . . .        g - +0 ring mail
rPois   +            (no helmet)
rElec   .            (no cloak)
rCorr   .            (no gloves)
SInv    .            l - +1 pair of boots
Will    .....        (no amulet)
Stlth   +            m - ring of poison resistance
HPRegen 0.28/turn    (no ring)
MPRegen 0.12/turn

%: no passive effects
@: corroded, under a protective aura
A: powered by death 1, powered by pain 2, sharp scales 1
a: no special abilities


You were on level 4 of the Dungeon.
You visited 1 branch of the dungeon, and saw 5 of its levels.

You collected 187 gold pieces.
You spent 168 gold pieces at shops.

Inventory:

Hand Weapons
 f - a +0 trident
 n - a +2 flail of protection (weapon)
Armour
 b - a +0 leather armour
 g - a +0 ring mail (worn)
 l - a +1 pair of boots (worn)
Jewellery
 m - a ring of poison resistance (left hand)
 o - an amulet of the acrobat
 r - an amulet of regeneration
Wands
 j - a wand of mindburst (10)
Scrolls
 a - a scroll of identify {unknown}
 c - a scroll of poison
 i - a scroll of fog
 k - a scroll of amnesia {unknown}
Potions
 p - a potion of haste {unknown}
 q - 3 potions of curing


   Skills:
 + Level 4.0 Fighting
 - Level 2.6 Polearms
 + Level 2.8 Armour
 - Level 1.7 Dodging
 + Level 3.7 Spellcasting
 + Level 3.6 Conjurations
 + Level 1.5 Air Magic
 + Level 1.6 Poison Magic


You had 8 spell levels left.
You knew the following spells:

 Your Spells              Type           Power      Damage    Failure   Level
a - Kiss of Death         Conj/Necr      32%        2d7       17%         1
b - Mephitic Cloud        Conj/Pois/Air  10%        N/A       38%         3

Your spell library contained the following spells:

 Spells                   Type           Power      Damage    Failure   Level
 Shock                    Conj/Air       44%        1d5       12%         1
 Foxfire                  Conj/Fire      32%        2x1d5     17%         1
 Momentum Strike          Conj/Tloc      16%        3d8       26%         2
 Hailstorm                Conj/Ice       8%         3d4       45%         3
 Swiftness                Air            7%         N/A       50%         3
 Airstrike                Air            3%         2d(1-17)  88%         4
 Freezing Cloud           Conj/Ice/Air   4%         6-21      99%         5
 Starburst                Conj/Fire      4%         6d3       100%        6
 Spellforged Servitor     Conj/Summ      4%         N/A       100%        7
 Ignition                 Fire           1%         3d3       100%        8


Dungeon Overview and Level Annotations

Branches:
Dungeon (5/15)
 Temple: D:4-7

Altars:
Makhleb
Xom

Shops:
D:4 !


Innate Abilities, Weirdness & Mutations

You regenerate a little health from kills.
You sometimes gain power by taking damage.
You are partially covered in razor-sharp scales. (AC +1, Slay +1)


Message History

The jelly attacks as it pursues you! The jelly hits you but does no damage.
The jelly attacks as it pursues you! The jelly hits you but does no damage.
There is a stone staircase leading up here.
Aiming: Mindburst
Press: ? - help, Shift-Dir - straight line, f - you
Okay, then.
Okay, then.
The air fills with toxic fumes!
As you read the scroll labelled GEFFENYTUM, it crumbles to dust.
It was a scroll of poison.
The jelly barely misses you. The jelly barely misses you.
You climb upwards.
There is a stone staircase leading down here.
As you read the scroll labelled HUNYNLAI TUUTUO, it crumbles to dust.
It is a scroll of enchant armour.
Your +0 pair of boots glows green for a moment.
The jelly hits you. The acid corrodes you!
You are splashed with acid!
You sock the jelly!
Your weapon exudes an aura of protection.
Your hands burn!
The jelly is heavily wounded.
The jelly hits you but does no damage. x2
You hit the jelly but do no damage.
Your hands burn!
* * * LOW HITPOINT WARNING * * *
The jelly is heavily wounded.
The jelly barely misses you.
As you read the scroll labelled GYJUHE KINEUCU, it crumbles to dust.
You feel momentarily disoriented.
It was a scroll of revelation.
The jelly closely misses you.
You hit the jelly.
Your hands burn!
* * * LOW HITPOINT WARNING * * *
The jelly is almost dead.
The jelly closely misses you. The jelly barely misses you.
You hit the jelly but do no damage.
Your hands burn!
* * * LOW HITPOINT WARNING * * *
The jelly is almost dead.
The jelly hits you.
* * * LOW HITPOINT WARNING * * *
You are splashed with acid!
You die...

..### ###...#.....(.....##..# ###
##.........#......###... ####
##...............#....#. ...#
#####..#....#)....####.####.
##.###.....##..........####..(...
#..#..######................####
##...## ####....#.....####.## #
##### ####.[.............# # ###
###.....@.)))...##### # ..#
####......J##.<[..## #### ..#
##........####.....# #...
..###..##.....####.....#######.##
..............####.............##
..###.........#.........#########
..##...##.....#.........# ##
..##....................# ##.
..............########### ###..


You could see a jelly.

Vanquished Creatures
  A phantom (D:4)
  2 scorpions (D:4)
  3 orc priests
  A hound (D:4)
  An orc wizard (D:3)
  3 gnolls (D:3)
  2 worms
  A dart slug (D:3)
  8 orcs
  7 ball pythons
  7 bats
  5 endoplasms
  3 giant cockroaches
  10 goblins
  5 hobgoblins
  8 kobolds
  A quokka (D:3)
  4 frilled lizards
  3 rats
75 creatures vanquished.

Notes
Turn   | Place    | Note
-------+----------+-------------------------------------------
     0 | D:1      | Shayle the Demonspawn Reaver began the quest for the Orb.
     0 | D:1      | Reached XP level 1. HP: 16/16 MP: 3/3
    46 | D:1      | Found a faded altar of an unknown god.
   141 | D:1      | Gained mutation: You are partially covered in razor-sharp
                  | scales. (AC +1, Slay +1) [demonic ancestry]
   141 | D:1      | Reached XP level 2. HP: 16/22 MP: 5/5
   402 | D:1      | Reached skill level 1 in Armour
   834 | D:2      | Reached XP level 3. HP: 28/28 MP: 6/6
   870 | D:2      | Reached skill level 3 in Fighting
   991 | D:2      | Found a shimmering altar of Xom.
  1033 | D:2      | Gained mutation: You regenerate a little health from kills.
                  | [demonic ancestry]
  1033 | D:2      | Reached XP level 4. HP: 15/35 MP: 8/8
  2604 | D:3      | Identified a scroll of acquirement
  2604 | D:3      | Acquired Nurho's Spellbook of Kinetic Oxidation
  2610 | D:3      | Learned a level 3 spell: Mephitic Cloud
  2682 | D:4      | Found Edor's Distillery.
  2685 | D:4      | Bought a potion of curing for 36 gold pieces
  2685 | D:4      | Bought a potion of heal wounds for 60 gold pieces
  2685 | D:4      | Bought a potion of curing for 36 gold pieces
  2685 | D:4      | Bought a potion of curing for 36 gold pieces
  2767 | D:4      | Found a burning altar of Makhleb.
  2770 | D:4      | Noticed a phantom
  2795 | D:4      | Killed a phantom
  2796 | D:4      | Gained mutation: You sometimes gain a little power by
                  | taking damage. [demonic ancestry]
  2796 | D:4      | Reached XP level 5. HP: 28/41 MP: 8/10
  2923 | D:4      | Reached skill level 1 in Air Magic
  2923 | D:4      | Reached skill level 1 in Poison Magic
  2923 | D:4      | Gained mutation: You sometimes gain power by taking damage.
                  | [demonic ancestry]
  2923 | D:4      | Reached XP level 6. HP: 48/48 MP: 11/11
  2992 | D:3      | Reached skill level 4 in Fighting
  3402 | D:5      | Entered Level 5 of the Dungeon
  3420 | D:4      | Splashed by a jelly's acid

Illustrated notes

Levels and vault maps discovered:
D:1:      dpeg_arrival_simpleton_b, layout_basic,
          hellmonk_ecumenical_altar_heavens_door, chequers_garden,
          feat_on_display
D:2:      layout_basic, basic_altar
D:3:      layout_basic
D:4:      layout_rooms, mainiacjoe_overflow_brackets, serial_shops,
          kennysheep_mini_moat, minmay_misc_feat_four_crosses
D:5:      layout_basic, vehumet_statue, hangedman_decor_points,
          nicolae_wooded_promenade

Skill      XL: |  1  2  3  4  5  6 |
---------------+-------------------+-----
Armour         | 1 2 |  2.8
Fighting       | 3 4 |  4.0
Spellcasting   | 3 |  3.7
Air Magic      | 1 |  1.5
Poison Magic   | 1 |  1.6
Polearms       | |  2.6
Dodging        | |  1.7
Conjurations   | |  3.6

Action                     |  1- 3 |  4- 6 || total
---------------------------+-------+-------++-------
  Melee: Spear             |   105 |       ||   105
         Punch             |     2 |       ||     2
         Trident           |    17 |   124 ||   141
         Flail             |       |    25 ||    25
  Evoke: Wand              |       |    12 ||    12
    Use: Potion            |     3 |     2 ||     5
         Scroll            |     1 |     4 ||     5
   Stab: Sleeping          |     1 |       ||     1
 Armour: Leather armour    |    13 |       ||    13
         Ring mail         |    31 |   127 ||   158
         Skin              |    69 |       ||    69
  Dodge: Dodged            |    54 |    73 ||   127

Table legend: (Time is in decaauts)
 A = Elapsed time spent in this place.
 B = Non-inter-level travel time spent in this place.
 C = Inter-level travel time spent in this place.
 D = Time resting spent in this place.
 E = Time spent auto-exploring this place.
 F = Levels seen in this place.
 G = Mean time per level.
                   A        B        C        D        E       F      G
               +--------+--------+--------+--------+--------+-----+--------+
         Total |   3449 |   3356 |     93 |    313 |   2395 |   5 |  689.8 |
       Dungeon |   3449 |   3356 |     93 |    313 |   2395 |   5 |  689.8 |
               +--------+--------+--------+--------+--------+-----+--------+

Top non-repeatable levels by time:
     D:3: 1142 daAuts
     D:2: 1001 daAuts
     D:1: 749 daAuts
     D:4: 543 daAuts
     D:5: 12 daAuts
